 Dungeon Crawl Stone Soup version 0.32-a0-705-g60f233581c (webtiles) character file.

Game seed: 12608465703203529880

1722838 backslashecho the Formicid Barricade (level 27, 206/206 HPs)
             Began as a Formicid Hunter on Mar 13, 2024.
             Was an Elder of Hepliaklqana.
             Escaped with the Orb
             ... and 3 runes on Mar 15, 2024!
             The game lasted 05:04:40 (63406 turns).

backslashecho the Formicid Barricade (FoHu)        Turns: 63406, Time: 05:04:40

Health: 206/206    AC: 18    Str: 22    XL:     27
Magic:  25/25      EV: 33    Int: 20    God:    Hepliaklqana [****..]
Gold:   3927       SH: 33    Dex: 28    Spells: 28/36 levels left

rFire   + + .        a - +8 longbow (heavy)
rCold   + . .        u - +0 tower shield of Boredom {rF+ Int+3}
rNeg    + + +        g - +1 faerie dragon scales {rPois rCorr Int+2 Slay+3}
rPois   +            (helmet unavailable)
rElec   +            D - +1 cloak "Vupsuho" {Str+3 Dex+3}
rCorr   +            E - +2 pair of gloves {hurl}
SInv    +            U - +2 pair of boots of the Ant {-Tele rElec rN+ SInv}
Will    +++..        H - amulet "Uvon" {Reflect Fly rC+ rN+ Slay+2 SH+5}
Stlth   +            h - ring of Lust {rF+ rN+ rCorr Str-2 Int+4}
HPRegen 0.54/turn    Q - ring "Kinnylim" {+Blink Will+ Int+3}
MPRegen 0.19/turn

%: reflection
@: flying, studying Long Blades
A: reduced essence, permanent stasis, dig shafts and tunnels, antennae 3, four
strong arms, clumsy 1, deformed body, low MP 3, subdued magic 1
0: Orb of Zot
}: 3/15 runes: decaying, slimy, gossamer
a: Dig, Shaft Self, Renounce Religion, Recall Ancestor, Ancestor Identity,
Transference, Idealise


You escaped.
You worshipped Hepliaklqana.
Hepliaklqana was greatly pleased with you.
You visited 12 branches of the dungeon, and saw 53 of its levels.
You visited the Abyss 1 time.
You visited 1 bazaar.
You also visited: Trove, Sewer, Ossuary, Ice Cave and Desolation.

You collected 8865 gold pieces.
You spent 4938 gold pieces at shops.

Inventory:

Hand Weapons
 a - a +8 heavy longbow (weapon)
Missiles
 j - 23 curare-tipped darts
 O - 13 throwing nets
Armour
 c - the +4 leather armour of the Valley of Death {rPois Will+ Str-5 Dex+5}
   (You found it on level 2 of the Lair of Beasts)

   Str-5:     It affects your strength (-5).
   Dex+5:     It affects your dexterity (+5).
   rPois:     It protects you from poison.
   Will+:     It increases your willpower.
 g - the +1 faerie dragon scales (worn) {rPois rCorr Int+2 Slay+3}
   (You took it off the Enchantress on level 3 of the Depths)

   Int+2:     It affects your intelligence (+2).
   Slay+3:    It affects your accuracy & damage with ranged weapons and melee
   (+3).
   rPois:     It protects you from poison.
   rCorr:     It protects you from acid and corrosion.
 u - the +0 tower shield of Boredom (worn) {rF+ Int+3}
   (You acquired it on level 15 of the Dungeon)

   Int+3:     It affects your intelligence (+3).
   rF+:       It protects you from fire.
 D - the +1 cloak "Vupsuho" (worn) {Str+3 Dex+3}
   (You acquired it on level 2 of the Orcish Mines)

   Str+3:     It affects your strength (+3).
   Dex+3:     It affects your dexterity (+3).
 E - a +2 pair of gloves of hurling (worn)
 U - the +2 pair of boots of the Ant (worn) {-Tele rElec rN+ SInv}
   (You found it in the Desolation of Salt)

   rElec:     It insulates you from electricity.
   rN+:       It protects you from negative energy.
   SInv:      It lets you see invisible.
   -Tele:     It prevents most forms of teleportation.
 W - a +2 robe of resistance
Jewellery
 d - the ring of Oheeddareos {rC+ Int+6}
   (You found it in a treasure trove)

   [ring of intelligence]

   Int+6:     It affects your intelligence (+6).
   rC+:       It protects you from cold.
 h - the ring of Lust (left hand) {rF+ rN+ rCorr Str-2 Int+4}
   (You found it in a treasure trove)

   [ring of protection from fire]

   Str-2:     It affects your strength (-2).
   Int+4:     It affects your intelligence (+4).
   rF+:       It protects you from fire.
   rN+:       It protects you from negative energy.
   rCorr:     It protects you from acid and corrosion.
 n - the amulet "Wibuemp" {+Blink rElec Will+ Regen+}
   (You took it off a servant of whispers in the Desolation of Salt)

   [amulet of regeneration]

   rElec:     It insulates you from electricity.
   Will+:     It increases your willpower.
   +Blink:    It lets you blink.
   Regen+:    It increases your rate of health regeneration.
 H - the amulet "Uvon" (around neck) {Reflect Fly rC+ rN+ Slay+2 SH+5}
   (You found it on level 6 of the Dungeon)

   [amulet of reflection]

   Reflect:   It reflects blocked missile attacks.
   Slay+2:    It affects your accuracy & damage with ranged weapons and melee
   (+2).
   rC+:       It protects you from cold.
   rN+:       It protects you from negative energy.
   Fly:       It grants you flight.
   SH+5:      It affects your SH (+5).
 Q - the ring "Kinnylim" (right hand) {+Blink Will+ Int+3}
   (You found it in the Desolation of Salt)

   [ring of willpower]

   Int+3:     It affects your intelligence (+3).
   Will+:     It increases your willpower.
   +Blink:    It lets you blink.
Wands
 e - a wand of polymorph (5)
 m - a wand of quicksilver (38)
 r - a wand of digging (12)
 I - a wand of warping (34)
 K - a wand of paralysis (60)
 X - a wand of mindburst (12)
Scrolls
 l - 13 scrolls of poison
 x - a scroll of brand weapon
 y - 8 scrolls of enchant armour
 z - 10 scrolls of fear {oss}
 A - 14 scrolls of fog
 L - 8 scrolls of amnesia
 M - 5 scrolls of immolation
 N - 7 scrolls of noise
 P - 4 scrolls of butterflies
 S - 4 scrolls of revelation
 V - 6 scrolls of torment
 Y - 10 scrolls of vulnerability
Potions
 f - 12 potions of mutation
 i - 8 potions of enlightenment
 o - 5 potions of lignification
 s - 5 potions of magic
 t - 13 potions of brilliance
 v - 7 potions of heal wounds
 B - a potion of resistance
 F - 20 potions of curing
 G - 4 potions of invisibility {oss}
 J - 10 potions of ambrosia
 R - 5 potions of cancellation
Miscellaneous
 b - a lightning rod (4/4)
 k - a phantom mirror
 p - a box of beasts
 Z - a tin of tremorstones (2/2)


   Skills:
 + Level 21.5 Fighting
 - Level 20.0 Ranged Weapons
 - Level 15.0 Armour
 + Level 22.3 Dodging
 - Level 1.2 Stealth
 O Level 27 Shields
 - Level 5.0 Spellcasting
 - Level 10.0 Hexes
 - Level 10.0 Translocations
 - Level 19.0 Invocations
 - Level 15.0 Evocations


You had 28 spell levels left.
You knew the following spells:

 Your Spells              Type           Power      Damage    Failure   Level
a - Dimensional Bullseye  Hex/Tloc       17%        N/A       1%          4
b - Passage of Golubria   Tloc           34%        N/A       1%          4

Your spell library contained the following spells:

 Spells                   Type           Power      Damage    Failure   Level
 Ensorcelled Hibernation  Hex/Ice        38%        N/A       1%          2
 Jinxbite                 Hex            68%        N/A       1%          2
 Momentum Strike          Conj/Tloc      38%        3d9       1%          2
 Confusing Touch          Hex            34%        N/A       1%          3
 Gell's Gravitas          Tloc           34%        N/A       1%          3
 Sigil of Binding         Hex            34%        N/A       1%          3
 Teleport Other           Tloc           34%        N/A       1%          3
 Tukima's Dance           Hex            34%        N/A       1%          3
 Cause Fear               Hex            17%        N/A       1%          4
 Manifold Assault         Tloc           34%        N/A       1%          4
 Dazzling Flash           Conj/Hex       38%        N/A       3%          3
 Inner Flame              Hex/Fire       19%        N/A       3%          3
 Volatile Blastmotes      Fire/Tloc      38%        2d13      3%          3
 Kiss of Death            Conj/Necr      12%        2d6       11%         1
 Necrotise                Necr           12%        1d4       11%         1
 Sandblast                Erth           6%         2d5       11%         1
 Anguish                  Hex/Necr       9%         N/A       14%         4
 Iskenderun's Mystic Bla  Conj/Tloc      19%        2d6       14%         4
 Cigotuvi's Dreadful Rot  Necr/Alch/Air  6%         N/A       17%         2
 Mercury Vapours          Alch/Air       6%         N/A       17%         2
 Searing Ray              Conj           6%         2d4       17%         2
 Sublimation of Blood     Necr           3%         N/A       17%         2
 Dispersal                Tloc           17%        N/A       28%         6
 Call Canine Familiar     Summ           3%         N/A       32%         3
 Fugue of the Fallen      Necr           3%         N/A       32%         3
 Hailstorm                Conj/Ice       3%         3d5       32%         3
 Mephitic Cloud           Conj/Alch/Air  3%         N/A       32%         3
 Ozocubu's Armour         Ice            3%         N/A       32%         3
 Stone Arrow              Conj/Erth      6%         3d7       32%         3
 Summon Ice Beast         Ice/Summ       3%         N/A       32%         3
 Vampiric Draining        Necr           3%         2d6       32%         3
 Metabolic Englaciation   Hex/Ice        9%         N/A       38%         5
 Silence                  Hex/Air        9%         N/A       38%         5
 Summon Forest            Summ/Tloc      9%         N/A       38%         5
 Yara's Violent Unravell  Hex/Alch       9%         3d6       38%         5
 Animate Armour           Summ/Erth      6%         N/A       75%         4
 Animate Dead             Necr           3%         N/A       75%         4
 Brom's Barrelling Bould  Conj/Erth      3%         2d3       75%         4
 Dispel Undead            Necr           3%         3d7       75%         4
 Flame Wave               Conj/Fire      3%         2d5       75%         4
 Fulminant Prism          Conj/Alch      1%         3d5       75%         4
 Ignite Poison            Fire/Alch      3%         N/A       75%         4
 Leda's Liquefaction      Alch/Erth      1%         N/A       75%         4
 Martyr's Knell           Necr/Summ      3%         N/A       75%         4
 Petrify                  Alch/Erth      3%         N/A       75%         4
 Sticky Flame             Fire/Alch      3%         2d4       75%         4
 Summon Blazeheart Golem  Fire/Summ      3%         N/A       75%         4
 Summon Lightning Spire   Summ/Air       3%         N/A       75%         4
 Enfeeble                 Hex            17%        N/A       86%         7
 Arcjolt                  Conj/Air       1%         1d11      98%         5
 Borgnjor's Vile Clutch   Necr/Erth      1%         N/A       98%         5
 Curse of Agony           Necr           3%         N/A       98%         5
 Fireball                 Conj/Fire      1%         3d3       98%         5
 Freezing Cloud           Conj/Ice/Air   1%         6-21      98%         5
 Irradiate                Conj/Alch      1%         3d12      98%         5
 Conjure Ball Lightning   Conj/Air       1%         3x3d6     100%        6
 Death Channel            Necr           1%         N/A       100%        6
 Permafrost Eruption      Ice/Erth       1%         2x4d2     100%        6
 Sculpt Simulacrum        Ice/Alch       1%         N/A       100%        6
 Starburst                Conj/Fire      1%         6d3       100%        6
 Haunt                    Necr/Summ      1%         N/A       100%        7
 Ozocubu's Refrigeration  Ice            1%         4d7       100%        7
 Summon Hydra             Summ           1%         N/A       100%        7
 Borgnjor's Revivificati  Necr           1%         N/A       100%        8
 Discord                  Hex            17%        N/A       100%        8
 Disjunction              Tloc           17%        N/A       100%        8
 Ignition                 Fire           1%         3d3       100%        8
 Infestation              Necr           1%         N/A       100%        8
 Lehudib's Crystal Spear  Conj/Erth      1%         10d2      100%        8
 Maxwell's Capacitive Co  Air            1%         ∞         100%        8
 Chain Lightning          Conj/Air       1%         3d2       100%        9
 Death's Door             Necr           1%         N/A       100%        9
 Dragon's Call            Summ           1%         N/A       100%        9
 Fire Storm               Conj/Fire      1%         8d1       100%        9
 Polar Vortex             Ice            1%         N/A       100%        9
 Shatter                  Erth           1%         3d6*      100%        9
 Vhi's Electric Charge    Tloc/Air       Unusable   N/A       N/A         4

Dungeon Overview and Level Annotations

Branches:
Dungeon (15/15)            Temple (1/1) D:5            Lair (5/5) D:9
  Swamp (4/4) Lair:3       Spider (4/4) Lair:2        Slime (5/5) Lair:5
    Orc (2/2) D:9             Elf (3/3) Orc:2        Vaults (4/5) D:14
  Crypt (0/3) Vaults:3     Depths (4/4) D:15           Hell (visited)
    Geh (0/7) Hell            Zot (5/5) Depths:4      Sewer (visited)
Ossuary (visited)           IceCv (visited)         Desolation (visited)
    Dis: Hell:1         Coc: Hell:1         Tar: Hell:1

Altars:
Ashenzari
Cheibriados
Dithmenos
Elyvilon
Fedhas
Gozag
Hepliaklqana
Kikubaaqudgha
Makhleb
Nemelex Xobeh
Okawaru
Qazlal
Ru
Sif Muna
Trog
Uskayaw
Vehumet
Wu Jian
Xom
Yredelemnul
Zin
The Shining One
Beogh
Jiyva

Shops:
D:3 [   D:12 *[   D:14 :   Orc:2 [?:=   Elf:3 *   Vaults:3 [   Zot:5 **
Depths:2 *

Portals:
Hell: Lair:5 Depths:1 Depths:2 Depths:3 Depths:4
Abyss: Depths:1 Depths:2 Depths:3
Pandemonium: Depths:2
Ziggurat: Depths:1

Annotations:
D:5 exclusion: sleepcap
D:9 exclusion: orange crystal statue
D:14 5 runed translucent doors, exclusion: 3 doors
Lair:4 Sonja
Swamp:2 Roxanne
Spider:3 1 runed translucent door, asd2613's ghost, adept DrCj
Spider:4 1 exclusion
Orc:2 1 runed translucent door, exclusion: door, Eugor's ghost, journeyman DECj
Elf:1 6 runed translucent doors
Elf:2 3 runed translucent doors, exclusion: 3 doors
Elf:3 6 transporters
Zot:5 3 runed translucent doors, exclusion: obsidian statue, Obluekk's ghost, veteran MiBe


Innate Abilities, Weirdness & Mutations

Your life essence is reduced to manifest your ancestor. (-10% HP)
You cannot be hasted, slowed, berserked, paralysed or teleported.
You can dig through walls and to a lower floor.
You have a pair of large antennae on your head. (SInv)
Your four strong arms can wield two-handed weapons with a shield.
You are clumsy. (Dex -2)
Armour fits poorly on your strangely shaped body.
Your magical capacity is extremely low. (-30% MP)
Your spells are a little easier to cast, but a little less powerful.


Message History

Tuingasi blinks!
The sixfirhy hits you but does no damage.
Select a target.
Press: ? - help, Dir - move target, f - Tuingasi
Aim: Tuingasi, armed with a vampiric touch The floor.
Tuingasi swaps with Jazeefor!
The sixfirhy closely misses you. You block the sixfirhy's attack. x2
Jazeefor hits the sixfirhy with a +0 broad axe of speed!
You block the sixfirhy's attack.
Jazeefor hits the sixfirhy with a +0 broad axe of speed!!
You now have 23/25 mp.
Jazeefor hits the sixfirhy with a +0 broad axe of speed.
The sixfirhy dies!
Jazeefor hits Tuingasi with a +0 broad axe of speed.
Tuingasi touches Jazeefor!
Jazeefor completely misses Tuingasi.
Tuingasi closely misses Jazeefor.
Jazeefor blocks Tuingasi's attack.
Jazeefor hits Tuingasi with a +0 broad axe of speed.
There is a stone staircase leading up here.
Tuingasi touches Jazeefor.
Jazeefor closely misses Tuingasi.
You fly upwards.
There is a stone staircase leading down here.
Jazeefor is recalled.
You now have 22/25 mp.
Magic restored.
You sense a monster nearby.
A small abomination comes into view.
MP restored: 25 You shoot an arrow.
The arrow hits the small abomination!!!
You destroy the small abomination!
Toolah comes into view. It is armed with a chaotic touch.
Toolah breathes, "Quit, thou tasty refection!"
Jazeefor mumbles some strange words.
Jazeefor seems to speed up.
Press: ? - help, v - describe, . - travel
Here: Toolah, armed with a chaotic touch (ally target)
The floor.
Aiming: Warp Space
Press: ? - help, Shift-Dir - straight line, f - Toolah
Aim: Toolah, armed with a chaotic touch (ally target) Space twists violently!
The rupture engulfs Toolah!!
Toolah blinks!
Jazeefor hits Toolah with a +0 broad axe of speed!
Select a target.
Press: ? - help, Dir - move target, f/p - Toolah
Aim: Toolah, armed with a chaotic touch (lightly wounded, ally target)
The floor.
Toolah swaps with Jazeefor!
Toolah hits Jazeefor!!
Jazeefor hits Toolah with a +0 broad axe of speed!
Jazeefor blocks Toolah's attack.
Jazeefor completely misses Toolah.
You now have 23/25 mp.
Toolah hits Jazeefor!!
Toolah freezes Jazeefor.
Jazeefor misses Toolah.
Jazeefor blocks Toolah's attack.
Something hits Jazeefor!!
Something burns Jazeefor.
Jazeefor hits Toolah with a +0 broad axe of speed!
Toolah hits Jazeefor!
Jazeefor appears confused.
Jazeefor hits Toolah with a +0 broad axe of speed.
Toolah hits Jazeefor but does no damage.
Jazeefor closely misses Toolah.
Toolah attacks as it pursues you! You block Toolah's attack. x2
There is a stone staircase leading up here.
Jazeefor is recalled.
You block Toolah's attack. x2
You now have 22/25 mp.
Select a target.
Press: ? - help, Dir - move target, f/p - Toolah
Aim: Toolah, armed with a chaotic touch (lightly wounded, ally target)
The floor.
Okay, then.
Aiming: Warp Space
Press: ? - help, Shift-Dir - straight line, f/p - Toolah
Aim: Toolah, armed with a chaotic touch (lightly wounded, ally target) Space twists violently!
The rupture engulfs Toolah!!
Toolah blinks!
Toolah is moderately wounded.
The rupture engulfs you!
You feel a strange sense of stasis.
Toolah hits Jazeefor but does no damage.
Jazeefor closely misses Toolah.
Toolah hits Jazeefor!
Jazeefor hits Toolah with a +0 broad axe of speed!
You take 12 damage, and have 194/206 hp.
Toolah hits Jazeefor!!
Toolah burns Jazeefor.
Jazeefor is destroyed!
You fly upwards.
There is a stone staircase leading down here.
A tormentor comes into view.
You regained 3 hp, and now have 198/206 hp.
You shoot an arrow. The arrow hits the tormentor!!!
You kill the tormentor!
Magic restored.
HP restored.
Jazeefor emerges from the mists of memory!
There is a stone staircase leading up here.
You fly upwards.
There is a stone staircase leading down here.
There is a stone staircase leading up here.
You fly upwards.
There is a stone staircase leading down here.
There is a staircase leading out of the dungeon here.
Health restored: 206; MP restored: 25 You have escaped!

#.##.#...# ### #
########.##.#...# P.
###### #...............#
....P #.....
###.............#.#♣.PPP.
#....#
....######.###..#.#PP♣.PP
###.## ###.#
#........#♣P.PP♣ #.#. #.#
#####....#♣P.P.♣ #.#.
###.# #.R..#.PP.P♣ #†#.
...># #..@.#PPP♣ #.#.
##### ##....#P♣♣ ###.#.
#.....#♣♣ ♣ #.....
##.....#.♣P.♣. ###..)
#########....#.#..PPPP
###.
#............#.#PP..PP #.
#.#######......#P..PPP #.
#.# ##.#...#P.PPPP #. #.#
#.....####### ### #.


You could see the friendly Jazeefor the knight (reflecting).

Vanquished Creatures
  the Royal Jelly (Slime:5)
  Frederick (Vaults:4)
  6 orbs of fire (Zot:5)
  A dread lich (Zot:5)
  Mara (Vaults:4)
  7 Killer Klowns (Zot:5)
  Bai Suzhen (Swamp:4)
  5 caustic shrikes (Depths:2)
  A curse toe (Zot:5)
  5 golden dragons
  2 bone dragons (Depths:3)
  2 electric golems (Zot:5)
  Jorgrun (D:15)
  A Tzitzimitl (Zot:4)
  A walking crystal tome (Depths:2)
  A lich (Depths:3)
  6 tentacled monstrosities
  Mlioglotl (Swamp:4)
  26 Orb Guardians
  A deep elf blademaster (Elf:3)
  A deep elf master archer (Elf:3)
  Frances (D:13)
  10 acid blobs
  An ancient champion (Hell)
  A tengu reaver (Vaults:4)
  A storm dragon (Zot:4)
  A shadow dragon (Zot:5)
  Donald (Swamp:2)
  3 draconian monks (Zot:1)
  4 azure jellies
  2 iron dragons
  2 rockslimes (Slime:5)
  A fire giant (Depths:2)
  3 protean progenitors
  3 emperor scorpions
  A draconian knight (Zot:1)
  2 balrugs
  6 deep elf sorcerers
  9 ghost moths
  3 draconian shifters
  8 vault wardens
  7 frost giants
  5 orc warlords
  2 draconian scorchers
  2 spectral caustic shrikes (Depths:1)
  4 deep elf elementalists (Elf:3)
  4 draconian stormcallers
  6 quicksilver oozes
  2 formless jellyfish (Slime:5)
  2 reapers (Hell)
  2 draconian annihilators
  10 stone giants
  An angel (D:12)
  2 spriggan defenders (Depths:3)
  10 ironbound preservers
  11 very ugly things
  6 green draconians
  3 vampire knights
  5 ironbound thunderhulks
  An eleionoma (Swamp:4)
  4 deep elf demonologists (Elf:3)
  3 black draconians
  4 deep elf annihilators (Elf:3)
  7 white draconians
  2 red draconians
  16 spark wasps
  2 war gargoyles
  4 deep elf death magi
  2 halazid warlocks (Desolation)
  A dire elephant (Vaults:4)
  4 yellow draconians
  2 purple draconians
  3 ettins
  7 yaktaur captains
  4 fire dragons
  2 crystal guardians
  A shambling mangrove (Swamp:2)
  7 ragged hierophants (Desolation)
  5 deep elf high priests
  A jiangshi (Depths:2)
  4 entropy weavers
  2 rakshasas
  3 great orbs of eyes
  8 servants of whispers (Desolation)
  14 vault guards
  8 peacekeepers
  19 hydras
  Fannar (Lair:1)
  Erolcha (D:9)
  A catoblepas (D:13)
  6 spriggan air magi
  A ghost crab (Swamp:3)
  3 ice dragons
  A jorogumo (Spider:4)
  2 two-headed ogres
  7 alligators
  7 ironbound frosthearts
  A two-headed ogre (shapeshifter) (Depths:2)
  9 boulder beetles
  16 dancing weapons
  7 centaur warriors
  3 radroaches
  Erica (Orc:1)
  2 deep troll shamans (Depths:2)
  9 deep troll earth magi
  5 tengu warriors
  2 hell hogs (Hell)
  A death yak (IceCv)
  4 demonic crawlers
  7 spriggan berserkers
  2 occultists
  7 orc high priests
  10 hell knights
  3 soul eaters (Lair:5)
  A thrashing horror (Abyss:2)
  10 deep elf knights
  7 iron trolls
  A skyshark (Lair:5)
  6 sun demons
  2 sixfirhies
  A wretched star (Abyss:2)
  A sun moth (Spider:4)
  5 pharaoh ants
  5 goliath frogs
  48 deep trolls
  3 spriggan druids (Swamp:4)
  10 orb spiders
  13 lindwurms
  4 arcanists
  A spriggan simulacrum (Depths:1)
  A glowing orange brain (shapeshifter) (Depths:2)
  2 glowing orange brains
  An obsidian statue (Zot:5)
  4 bog bodies
  10 swamp dragons
  3 steelbarb worms
  A phantasmal warrior (Vaults:4)
  7 deep elf archers
  2 lightning spires (Elf:2)
  A thermic dynamo (Elf:1)
  7 harpies
  2 large abominations
  A shadow demon (D:14)
  7 necromancers
  7 wolf spiders
  20 deep elf zephyrmancers
  A frost giant zombie (Vaults:3)
  30 deep elf pyromancers
  25 orc knights
  16 ironbound convokers
  A stone giant zombie (Depths:1)
  5 orc sorcerers
  4 cyclopes
  4 shining eyes
  31 ugly things
  4 manticores
  7 moths of wrath
  2 will-o-the-wisps (Swamp:2)
  2 eyes of devastation
  A cyclops (shapeshifter) (Depths:4)
  2 meliai (Spider:4)
  5 elephants (Lair:3)
  A guardian serpent (Desolation)
  4 black mambas
  2 rust devils
  A smoke demon (Depths:2)
  An eye of devastation (shapeshifter) (Vaults:4)
  3 kobold blastminers
  12 vault sentinels
  A molten gargoyle (Desolation)
  8 cane toads
  2 kobold demonologists
  3 gargoyles
  A torpor snail (Lair:1)
  An orange demon (Lair:1)
  19 yaktaurs
  2 hellions (Hell)
  7 rime drakes
  A tormentor (D:3)
  5 tengu conjurers
  4 komodo dragons
  3 unseen horrors
  3 ice devils
  A freezing wraith (Vaults:4)
  2 red devils
  10 polar bears
  A spriggan skeleton (Depths:1)
  A bloated husk (Swamp:4)
  6 trolls
  14 tarantellas
  12 hornets
  6 tyrant leeches
  A glass eye (Slime:4)
  8 blink frogs
  61 saltlings
  5 raiju
  4 dream sheep (Lair:3)
  A raiju (shapeshifter) (Vaults:4)
  17 jumping spiders
  10 air elementals
  15 spriggans
  A vampire (D:12)
  A ynoxinul (Abyss:2)
  7 culicivoras
  38 slime creatures
  8 wraiths
  2 wyverns
  41 yaks
  3 fire elementals
  2 humans (D:14)
  A yak (shapeshifter) (D:15)
  8 water elementals
  2 basilisks
  7 golden eyes
  Grum (D:11)
  12 wargs
  30 redbacks
  2 steam dragons
  A vampire mosquito (D:15)
  4 chaos spawn
  13 swamp worms
  An acid dragon (D:11)
  4 hell hounds (Lair:5)
  33 orc warriors
  10 water moccasins
  2 swamp drakes (Swamp:4)
  5 black bears
  A crocodile (Sewer)
  A sky beast (D:6)
  3 small abominations
  A boggart (shapeshifter) (Elf:1)
  4 laughing skulls
  11 ogres
  31 wolves
  8 boggarts
  11 centaurs
  2 phantoms
  2 kobold brigands
  A weeping skull (Ossuary)
  9 bullfrogs
  An elf zombie (Ossuary)
  2 earth elementals
  3 gnoll sergeants
  A scorpion (D:6)
  A burial acolyte (Ossuary)
  8 wights
  5 killer bees
  A bombardier beetle (D:4)
  2 howler monkeys (D:8)
  7 electric eels
  A centaur zombie (Ossuary)
  13 jellies
  5 hounds (D:5)
  A gnoll bouda (D:7)
  19 orc priests
  A sleepcap (D:7)
  16 orc wizards
  6 mummies
  21 gnolls
  8 adders
  2 river rats (Sewer)
  A shadow imp (D:7)
  A white imp (D:6)
  3 ribbon worms
  A dart slug (D:1)
  90 orcs
  7 ball pythons
  13 endoplasms
  14 giant cockroaches
  7 goblins
  4 hobgoblins
  4 jackals (D:3)
  2 quokkas
  4 bats
  3 frilled lizards
  3 gnoll zombies (Ossuary)
  21 kobolds
  3 kobold zombies
  4 orc zombies
  5 rats
  An aspiring flesh (Zot:5)
1710 creatures vanquished.

Vanquished Creatures (collateral kills)
  A dread lich (Zot:5)
  An orb of fire (Zot:5)
  A Killer Klown (Zot:5)
  2 curse toes (Zot:5)
  Nikola (Depths:1)
  4 golden dragons
  A bone dragon (Vaults:3)
  the Enchantress (Depths:3)
  2 tentacled monstrosities
  4 Orb Guardians
  A walking frostbound tome (Depths:3)
  2 quicksilver dragons (Zot:4)
  4 sphinxes
  7 acid blobs
  5 tengu reavers
  2 storm dragons
  A shadow dragon (Hell)
  A protean progenitor (Zot:5)
  4 rockslimes (Slime:5)
  An emperor scorpion (Spider:4)
  A draconian shifter (Zot:4)
  A draconian monk (Zot:5)
  4 azure jellies (Slime:5)
  A deep elf sorcerer (Elf:3)
  A ghost moth (Spider:2)
  4 fire giants
  3 frost giants
  3 vault wardens
  2 deep elf elementalists (Elf:3)
  An iron dragon (Depths:4)
  2 draconian scorchers
  2 orc warlords
  3 spectral caustic shrikes (Depths:1)
  A formless jellyfish (Slime:5)
  4 quicksilver oozes (Slime:5)
  2 draconian stormcallers
  2 spriggan defenders
  A reaper (Lair:5)
  3 stone giants
  6 ironbound preservers
  2 very ugly things (Depths:3)
  5 green draconians
  2 white draconians
  3 deep elf annihilators (Elf:3)
  2 war gargoyles
  3 purple draconians (Zot:4)
  2 bunyips
  2 deep elf death magi
  A halazid warlock (Desolation)
  2 yellow draconians (Zot:4)
  2 deep elf demonologists
  8 spark wasps
  3 ettins
  A crystal guardian (Vaults:4)
  A jiangshi (Depths:2)
  Josephine (D:13)
  An ice dragon (Depths:2)
  2 deep elf high priests (Elf:3)
  An entropy weaver (Vaults:4)
  A ragged hierophant (Desolation)
  2 fire dragons
  Harold (Orc:1)
  2 hydras
  2 servants of whispers (Desolation)
  A great orb of eyes (Vaults:1)
  A radroach (Spider:4)
  2 vault guards (Vaults:3)
  A catoblepas (Lair:3)
  3 alligators (Swamp:4)
  2 jorogumos
  3 ironbound frosthearts
  6 spriggan air magi
  A centaur warrior (D:15)
  4 dancing weapons
  3 tengu warriors
  2 hell hogs
  3 boulder beetles
  3 demonic crawlers
  2 death yaks
  2 spriggan berserkers (Depths:2)
  5 deep troll earth magi
  2 deep troll shamans
  2 orc high priests (Orc:2)
  2 vampire magi (Depths:2)
  3 sun demons
  A soul eater (Lair:5)
  2 hell knights
  2 deep elf knights (Elf:1)
  Amaemon (Lair:1)
  A skyshark (shapeshifter) (Depths:2)
  A sixfirhy (D:5)
  2 iron trolls
  Lodul (D:13)
  2 skysharks (Lair:5)
  4 goliath frogs
  3 swamp dragons
  19 deep trolls
  3 arcanists
  2 spriggan druids (Swamp:4)
  An orb spider (Spider:3)
  2 tengu zombies
  A bog body (Swamp:3)
  A phantasmal warrior (Lair:5)
  4 deep elf archers (Elf:1)
  7 orc knights
  3 harpies
  3 deep elf pyromancers
  3 necromancers
  A lindwurm (Vaults:2)
  4 ironbound convokers
  A thermic dynamo (Orc:2)
  3 wolf spiders
  8 deep elf zephyrmancers
  A shining eye (Slime:2)
  A cyclops (D:15)
  A manticore (D:10)
  18 ugly things
  A salamander (shapeshifter) (Depths:4)
  A black mamba (Lair:2)
  3 large abominations (Depths:2)
  A titan simulacrum (Vaults:3)
  2 moths of wrath
  A moth of wrath (shapeshifter) (Depths:3)
  2 eyes of devastation (Slime:5)
  A vault sentinel (Vaults:1)
  2 molten gargoyles (Hell)
  4 rust devils
  A spriggan zombie (Depths:1)
  An orange demon (Lair:5)
  2 smoke demons
  A freezing wraith (Hell)
  Maggie (Lair:1)
  A cane toad (Lair:5)
  A komodo dragon (Lair:2)
  A tormentor (Depths:3)
  An ice devil (Lair:5)
  A tengu conjurer (Depths:3)
  4 yaktaurs
  An unseen horror (Depths:2)
  Psyche (D:9)
  2 red devils (Lair:5)
  3 polar bears
  4 tyrant leeches
  A troll (D:10)
  9 saltlings (Desolation)
  7 tarantellas
  6 hornets
  2 blink frogs (Lair:2)
  2 dream sheep (Lair:3)
  3 culicivoras
  4 jumping spiders
  7 spriggans
  3 air elementals
  13 slime creatures
  A shadow (D:12)
  6 yaks
  3 wyverns
  4 golden eyes (Slime:4)
  A human (D:9)
  A basilisk (shapeshifter) (Elf:3)
  A basilisk (D:9)
  9 redbacks
  2 chaos spawn (Depths:2)
  A swamp worm (Swamp:3)
  An acid dragon (D:10)
  5 water moccasins (Lair:5)
  2 swamp drakes (Swamp:4)
  A hell hound (Lair:5)
  An ice beast (D:8)
  13 orc warriors
  2 wolves
  A boggart (Vaults:2)
  A centaur (D:14)
  2 bullfrogs
  2 kobold brigands
  An earth elemental (Elf:3)
  A small abomination (Depths:2)
  4 wights
  A jelly (Lair:5)
  7 orc priests
  A gnoll bouda (D:9)
  An iguana (D:6)
  4 orc wizards
  4 gnolls (D:7)
  2 ufetubi (Abyss:2)
  23 orcs
  An endoplasm (Lair:5)
  A kobold (D:9)
517 creatures vanquished.

Vanquished Creatures (others)
  A Killer Klown (Zot:5)
  Geryon (Hell)
  2 deep elf master archers (Elf:3)
  2 stone giants (Depths:2)
  A yellow draconian (Zot:4)
  2 yaktaur captains
  An ogre mage (Vaults:4)
  A centaur warrior (Vaults:4)
  A deep elf knight (Elf:1)
  2 deep trolls
  A deep elf archer (Elf:2)
  3 deep elf zephyrmancers
  2 lightning spires (Elf:2)
  A moth of wrath (Zot:1)
  A rust devil (Hell)
  6 yaktaurs
  A saltling (Desolation)
  An air elemental (Elf:1)
  A small abomination (Depths:2)
  A swamp worm (Swamp:4)
  36 knights
  4 ancestors
72 creatures vanquished.

Grand Total: 2299 creatures vanquished

Notes
Turn   | Place    | Note
-------+----------+-------------------------------------------
     0 | D:1      | backslashecho the Formicid Hunter began the quest for the
                  | Orb.
     0 | D:1      | Reached XP level 1. HP: 16/16 MP: 1/1
   102 | D:1      | Reached XP level 2. HP: 23/23 MP: 2/2
   735 | D:2      | Reached XP level 3. HP: 14/28 MP: 3/3
   888 | D:2      | Reached XP level 4. HP: 34/34 MP: 4/4
  1247 | D:2      | Found Zoho's Vocational Training.
  1349 | D:2      | Found a faded altar of an unknown god.
  1648 | D:3      | Reached skill level 5 in Ranged Weapons
  1739 | D:3      | Found Ywkexket's Antique Armour Boutique.
  1997 | D:3      | Reached XP level 5. HP: 41/41 MP: 5/5
  2744 | D:4      | Reached XP level 6. HP: 42/47 MP: 6/6
  3022 | D:4      | Noticed an ogre
  3033 | D:4      | Killed an ogre
  3469 | D:5      | Entered Level 5 of the Dungeon
  3602 | D:5      | Noticed a black bear
  3604 | D:5      | Reached XP level 7. HP: 49/54 MP: 7/7
  3726 | D:5      | Found a glowing drain.
  3735 | Sewer    | Entered a sewer
  4481 | D:5      | Reached XP level 8. HP: 61/61 MP: 8/8
  4495 | D:5      | Reached skill level 5 in Fighting
  4524 | D:5      | Found a staircase to the Ecumenical Temple.
  4529 | Temple   | Entered the Ecumenical Temple
  4545 | Temple   | Became a worshipper of Hepliaklqana the Forgotten
  4662 | D:3      | Bought a warped leather armour for 168 gold pieces
  4662 | D:3      | Identified the +2 leather armour of Mounutrorgh {rF- Str+3
                  | Dex+3} (You bought it in a shop on level 3 of the Dungeon)
  4745 | D:5      | Reached skill level 1 in Shields
  5041 | D:5      | Reached skill level 2 in Shields
  5274 | D:3      | Bought a pair of glowing gloves for 180 gold pieces
  5473 | D:6      | Found a sand-covered staircase.
  5482 | Ossuary  | Entered an ossuary
  5682 | Ossuary  | Reached skill level 3 in Shields
  5795 | Ossuary  | Reached skill level 5 in Dodging
  5844 | Ossuary  | Reached XP level 9. HP: 68/68 MP: 9/9
  6426 | D:6      | Reached skill level 4 in Shields
  6600 | D:6      | Reached * piety under Hepliaklqana
  6744 | D:6      | Identified the amulet "Uvon" {Reflect Fly rC+ rN+ Slay+2
                  | SH+5}
  6821 | D:6      | Reached skill level 9 in Ranged Weapons
  6837 | D:6      | Found an iron altar of Okawaru.
  7159 | D:7      | Reached skill level 5 in Shields
  7572 | D:7      | Found a sparkling altar of Nemelex Xobeh.
  7662 | D:7      | Noticed a raiju
  7668 | D:7      | Killed a raiju
  7669 | D:7      | Reached skill level 6 in Shields
  7856 | D:7      | Noticed a raiju
  7882 | D:7      | Reached XP level 10. HP: 66/66 MP: 10/10
  8694 | D:8      | Reached skill level 7 in Shields
  8829 | D:9      | Noticed an orange crystal statue
  9029 | D:9      | Reached ** piety under Hepliaklqana
  9030 | D:9      | Remembered your ancestor Jazeefor as a knight
  9031 | D:9      | Noticed Psyche
  9108 | D:9      | Killed Psyche
  9282 | D:9      | Found a staircase to the Lair.
  9349 | D:9      | Noticed Erolcha
  9351 | Abyss:2  | Cast into level 2 of the Abyss (Erolcha)
  9370 | Abyss:2  | Noticed an unseen horror
  9375 | Abyss:2  | Killed an unseen horror
  9376 | Abyss:2  | Reached skill level 8 in Shields
  9383 | Abyss:2  | Noticed a wretched star
  9383 | Abyss:2  | Noticed a thrashing horror
  9415 | Abyss:2  | Killed a wretched star
  9428 | Abyss:2  | Killed a thrashing horror
  9429 | Abyss:2  | Reached skill level 12 in Ranged Weapons
  9429 | Abyss:2  | Reached XP level 11. HP: 15/71 MP: 11/11
  9532 | Abyss:2  | Reached skill level 9 in Shields
  9586 | Abyss:2  | Reached skill level 1 in Invocations
  9613 | Abyss:2  | Noticed a large abomination
  9628 | Abyss:2  | Killed a large abomination
  9632 | D:9      | Escaped the Abyss
  9788 | D:9      | Killed Erolcha
 10271 | D:9      | Found a staircase to the Orcish Mines.
 10352 | D:9      | Got Sif Muna's Secrets of the Lucent Manifold
 10961 | D:10     | Entered Level 10 of the Dungeon
 11321 | D:10     | Found a shimmering blue altar of Sif Muna.
 11407 | D:10     | Reached *** piety under Hepliaklqana
 11441 | D:10     | Found a broken altar of Ashenzari.
 11505 | D:10     | Reached XP level 12. HP: 75/76 MP: 15/15
 11808 | D:10     | Reached skill level 5 in Invocations
 11866 | D:10     | Found the +5 robe of Misfortune {Harm *Corrode *Slow EV+5}
 11922 | D:10     | Reached skill level 9 in Dodging
 12388 | Lair:1   | Entered Level 1 of the Lair of Beasts
 12414 | Lair:1   | Noticed Maggie
 12423 | Lair:1   | Killed Maggie
 12470 | Lair:1   | Found a frozen archway.
 12511 | IceCv    | Entered an ice cave
 12559 | IceCv    | Noticed a death yak
 12559 | IceCv    | Noticed a death yak
 12573 | IceCv    | Killed a death yak
 12578 | IceCv    | Killed a death yak
 12819 | IceCv    | Reached skill level 15 in Ranged Weapons
 12979 | IceCv    | Noticed a frost giant
 12981 | IceCv    | Noticed a death yak
 12982 | IceCv    | Reached XP level 13. HP: 85/85 MP: 16/16
 13127 | Lair:1   | Reached **** piety under Hepliaklqana
 13209 | Lair:1   | Noticed Fannar
 13237 | Lair:1   | Killed Fannar
 13238 | Lair:1   | Noticed Amaemon
 13251 | Lair:1   | Killed Amaemon
 13970 | Lair:2   | Identified the +4 leather armour of the Valley of Death
                  | {rPois Will+ Str-5 Dex+5}
 14079 | Lair:2   | Noticed a seven-headed hydra
 14088 | Lair:2   | Killed a seven-headed hydra
 14450 | Lair:2   | Found a hole to the Spider Nest.
 15078 | Lair:3   | Reached skill level 9 in Fighting
 15083 | Lair:3   | Identified a scroll of acquirement
 15083 | Lair:3   | Acquired 509 gold pieces
 15104 | Lair:3   | Reached ***** piety under Hepliaklqana
 15185 | Lair:3   | Noticed a catoblepas
 15200 | Lair:3   | Killed a catoblepas
 15254 | Lair:3   | Reached XP level 14. HP: 97/97 MP: 19/19
 15813 | Lair:3   | Found a staircase to the Swamp.
 16573 | Lair:4   | Noticed Sonja
 17605 | Lair:5   | Entered Level 5 of the Lair of Beasts
 17747 | Lair:5   | Found a staircase to the Slime Pits.
 17755 | Lair:5   | Found a viscous altar of Jiyva.
 17930 | Lair:5   | Reached skill level 9 in Invocations
 18276 | Lair:5   | Reached skill level 1 in Armour
 18276 | Lair:5   | Reached skill level 12 in Dodging
 18750 | Orc:1    | Entered Level 1 of the Orcish Mines
 19043 | Orc:1    | Noticed Erica
 19054 | Orc:1    | Killed Erica
 19088 | Orc:1    | Noticed Harold
 19096 | Orc:1    | Killed Harold
 19097 | Orc:1    | Reached XP level 15. HP: 101/101 MP: 21/21
 19110 | Orc:1    | Found a roughly hewn altar of Beogh.
 19305 | Orc:2    | Entered Level 2 of the Orcish Mines
 19499 | Orc:2    | Found a staircase to the Elven Halls.
 19822 | Orc:2    | Found a runed translucent door.
 19822 | Orc:2    | Found a shimmering altar of Xom.
 19822 | Orc:2    | Noticed Eugor's ghost (journeyman DECj)
 19823 | Orc:2    | Identified the +0 quarterstaff "Dejeot" {chaos, +Blink
                  | rElec rC- MP-9}
 19901 | Orc:2    | Noticed an orc warlord
 19931 | Orc:2    | Killed an orc warlord
 20157 | Orc:2    | Found Zeppub's Armour Shop.
 20166 | Orc:2    | Found Ecoti's Magic Scroll Boutique.
 20172 | Orc:2    | Bought a scroll of poison for 68 gold pieces
 20172 | Orc:2    | Bought a scroll of poison for 68 gold pieces
 20172 | Orc:2    | Bought a scroll of fear for 68 gold pieces
 20172 | Orc:2    | Bought a scroll of fog for 68 gold pieces
 20274 | Orc:2    | Found a roughly hewn altar of Beogh.
 20428 | Orc:2    | Found Usip's Jewellery Boutique.
 20428 | Orc:2    | Found Nealiqicw's Book Shop.
 20485 | Orc:2    | Bought a scroll of acquirement for 884 gold pieces
 20486 | Orc:2    | Acquired the +1 cloak "Vupsuho" {Str+3 Dex+3}
 20593 | D:11     | Noticed Grum
 20605 | D:11     | Killed Grum
 20927 | D:11     | Reached ****** piety under Hepliaklqana
 21167 | D:12     | Found Ajeushi's Antique Armour Shoppe.
 21260 | D:12     | Got the Grimoire of Scorching Chemistry
 21765 | D:12     | Found Votzam's General Store.
 21918 | D:13     | Reached skill level 18 in Ranged Weapons
 22034 | D:13     | Noticed Josephine
 22038 | D:13     | Killed Josephine
 22053 | D:13     | Noticed Frances
 22065 | D:13     | Killed Frances
 22070 | D:13     | Reached XP level 16. HP: 101/112 MP: 22/22
 22338 | D:13     | Noticed Lodul
 22344 | D:13     | Killed Lodul
 22674 | D:14     | Found a gate to the Vaults.
 22799 | D:14     | Found a runed translucent door.
 22802 | D:14     | Found a runed translucent gate.
 22820 | D:14     | Found a runed translucent gate.
 22820 | D:14     | Found a runed translucent gate.
 22821 | D:14     | Noticed an emperor scorpion
 22822 | D:14     | Noticed an emperor scorpion
 22831 | D:14     | Found a runed translucent door.
 22840 | D:14     | Found the +9 staff of Olgreb {rPois∞}
 22916 | D:14     | Found Cuoddasch's Book Shoppe.
 22923 | D:14     | Reached skill level 12 in Fighting
 23003 | D:14     | Found a white marble altar of Elyvilon.
 23285 | D:2      | Bought a manual of Evocations for 1040 gold pieces
 23679 | D:15     | Entered Level 15 of the Dungeon
 23725 | D:15     | Reached skill level 1 in Evocations
 23773 | D:15     | Reached skill level 5 in Armour
 23797 | D:15     | Found a staircase to the Depths.
 23928 | D:15     | Reached skill level 5 in Evocations
 23936 | D:15     | Noticed Jorgrun
 23946 | D:15     | Killed Jorgrun
 23952 | D:15     | Found a bloodstained altar of Trog.
 24590 | Swamp:1  | Entered Level 1 of the Swamp
 24786 | Swamp:1  | Noticed a tentacled monstrosity
 24800 | Swamp:1  | Killed a tentacled monstrosity
 24801 | Swamp:1  | Reached XP level 17. HP: 109/119 MP: 23/23
 25290 | Swamp:2  | Noticed Roxanne
 25424 | Swamp:2  | Noticed Donald
 25441 | Swamp:2  | Killed Donald
 25511 | Swamp:2  | Reached skill level 9 in Evocations
 26437 | Swamp:4  | Entered Level 4 of the Swamp
 26457 | Swamp:4  | Noticed Mlioglotl
 26466 | Swamp:4  | Killed Mlioglotl
 26682 | Swamp:4  | Reached skill level 15 in Dodging
 27202 | Swamp:4  | Reached skill level 12 in Evocations
 27289 | Swamp:4  | Reached XP level 18. HP: 126/126 MP: 24/24
 27454 | Swamp:4  | Noticed Bai Suzhen
 27469 | Swamp:4  | Killed Bai Suzhen
 27516 | Swamp:4  | Got a decaying rune of Zot
 27840 | Spider:1 | Entered Level 1 of the Spider Nest
 28589 | Spider:1 | Upgraded the game from 0.32-a0-685-g93135e86f0 to
                  | 0.32-a0-699-g1ee5eff69a
 29228 | Spider:3 | Identified the +5 quarterstaff of Doom {antimagic, rPois
                  | rCorr}
 30054 | Spider:3 | Found a runed translucent door.
 30060 | Spider:3 | Noticed asd2613's ghost (adept DrCj)
 30587 | Spider:4 | Entered Level 4 of the Spider Nest
 31322 | Spider:4 | Reached skill level 15 in Evocations
 31615 | Spider:4 | Reached XP level 19. HP: 135/135 MP: 9/26
 32315 | Spider:4 | Reached skill level 10 in Shields
 32707 | Spider:4 | Reached skill level 11 in Shields
 32949 | Spider:4 | Got a gossamer rune of Zot
 33359 | Vaults:1 | Entered Level 1 of the Vaults
 33500 | D:14     | Bought a book of Weapons for 364 gold pieces
 33505 | D:14     | Learned a level 4 spell: Dimensional Bullseye
 33645 | Vaults:1 | Reached skill level 1 in Translocations
 33841 | Vaults:1 | Learned a level 4 spell: Passage of Golubria
 33890 | Vaults:1 | Reached skill level 12 in Shields
 34640 | Vaults:1 | Reached skill level 15 in Fighting
 34641 | Vaults:1 | Reached skill level 5 in Translocations
 34894 | Vaults:2 | Reached XP level 20. HP: 130/145 MP: 27/27
 34948 | Vaults:2 | Reached skill level 13 in Shields
 34971 | Vaults:2 | Found a flickering gateway to a bazaar.
 34980 | Bazaar   | Entered a bazaar
 34980 | Bazaar   | Found Unkaid's Distillery.
 34984 | Bazaar   | Bought a potion of curing for 39 gold pieces
 34992 | Bazaar   | Found Pownos's Antique Weapon Shoppe.
 34992 | Bazaar   | Found Gist's Jewellery Shoppe.
 34992 | Bazaar   | Found Ubocoafe's General Store.
 35024 | Bazaar   | Found Kuiqiess's Antique Armour Emporium.
 35032 | Bazaar   | Bought a glowing cloak for 180 gold pieces
 35056 | Bazaar   | Bought +0 acid dragon scales for 360 gold pieces
 35123 | Vaults:2 | Found a crumbling gateway.
 35146 | Desolati | Entered the Desolation of Salt
 35338 | Desolati | Identified the amulet of the Six Allies {Faith Harm rElec}
 35586 | Desolati | Got Besas's Secrets of Cooperative Despair
 35775 | Desolati | Identified the +0 halberd "Pyuhiz" {holy, rF- Str+5 Int+4}
 35807 | Desolati | Reached skill level 14 in Shields
 35850 | Desolati | Got Uqiyschou's Codex of Hail
 35851 | Desolati | Identified the ring "Bycaimi" {rElec Int+3 Dex+6 Slay-2
                  | Stlth+}
 35884 | Desolati | Identified the amulet "Wibuemp" {+Blink rElec Will+ Regen+}
 35949 | Desolati | Identified the +2 pair of boots of the Ant {-Tele rElec rN+
                  | SInv}
 36032 | Desolati | Got Vuop Sou's Catalogue of Tropical Assaults
 36113 | Desolati | Identified the amulet of Eqer {Spirit rC++}
 36132 | Desolati | Reached skill level 9 in Translocations
 36166 | Desolati | Identified the ring "Kinnylim" {+Blink Will+ Int+3}
 36183 | Desolati | Identified the ring of the Sun {rPois Str+3 SInv}
 36226 | Desolati | Identified the +2 ring mail of Midnight {rElec Str+2 Dex-2}
 36291 | Desolati | Identified the ring of Atheism {Int+6 Dex-3 Slay+4}
 36932 | Vaults:2 | Reached skill level 1 in Hexes
 37312 | Vaults:2 | Reached skill level 15 in Shields
 37554 | Vaults:2 | Reached XP level 21. HP: 151/151 MP: 28/28
 37560 | Vaults:2 | Reached skill level 5 in Hexes
 38208 | Vaults:3 | Reached skill level 16 in Shields
 38493 | Vaults:3 | Reached skill level 9 in Hexes
 38821 | Vaults:3 | Reached skill level 17 in Shields
 38997 | Vaults:3 | Found Aburul's Antique Armour Shoppe.
 39042 | Vaults:3 | Noticed a bone dragon
 39061 | Vaults:3 | Killed a bone dragon
 39092 | Vaults:3 | Found a staircase to the Crypt.
 39278 | Vaults:3 | Reached skill level 18 in Shields
 39962 | Vaults:4 | Reached XP level 22. HP: 157/157 MP: 29/29
 39985 | Vaults:4 | Reached skill level 19 in Shields
 40178 | Vaults:4 | Identified the ring "Leepyqim" {rPois rCorr MP+9 Int+3}
 40178 | Vaults:4 | Noticed Mara
 40621 | Vaults:4 | Noticed backslashecho's illusion
 40626 | Vaults:4 | Killed Mara
 40627 | Vaults:4 | Reached skill level 20 in Shields
 41011 | Vaults:4 | Identified the orb of Failure {*channel, Str+2 Dex+5}
 41011 | Vaults:4 | Noticed Frederick
 41028 | Vaults:4 | Killed Frederick
 41036 | Vaults:4 | Reached skill level 21 in Shields
 41243 | Vaults:4 | Reached skill level 1 in Spellcasting
 41759 | Elf:1    | Entered Level 1 of the Elven Halls
 42492 | Elf:1    | Got the Precepts of Beckoning
 42663 | Elf:1    | Found a runed translucent door.
 42711 | Elf:1    | Reached skill level 5 in Spellcasting
 42724 | Elf:1    | Reached XP level 23. HP: 153/162 MP: 28/30
 42817 | Elf:1    | Reached skill level 22 in Shields
 42875 | Elf:1    | Found a runed translucent door.
 43043 | Elf:1    | Found a runed translucent gate.
 43043 | Elf:1    | Found a runed translucent gate.
 43076 | Elf:1    | Found a runed translucent gate.
 43076 | Elf:1    | Found a runed translucent gate.
 43077 | Elf:1    | Found a runed translucent gate.
 43109 | Elf:1    | Found a runed translucent gate.
 43322 | Elf:2    | Found a runed translucent door.
 43482 | Elf:2    | Identified the +1 ring mail "Jeskeco" {rElec Dex+2}
 43612 | Elf:2    | Found a runed translucent gate.
 43612 | Elf:2    | Found a runed translucent gate.
 43614 | Elf:2    | Found a runed translucent gate.
 43788 | Elf:2    | Found a portal to a secret trove of treasure.
 44608 | Lair:5   | Found a burning altar of Makhleb.
 44633 | Lair:5   | Found a gateway to Hell.
 44655 | Hell     | Entered the Vestibule of Hell
 44655 | Hell     | Noticed Geryon
 44929 | Lair:5   | Reached skill level 23 in Shields
 45098 | Lair:5   | Reached skill level 18 in Dodging
 45426 | D:2      | Bought a manual of Invocations for 1040 gold pieces
 46578 | Hell     | Found a gateway to the ashen valley of Gehenna.
 46959 | Hell     | Killed Geryon
 47281 | Elf:2    | You paid a toll of the horn of Geryon to enter a treasure
                  | trove
 47282 | Trove    | Entered a treasure trove
 47293 | Trove    | Identified the ring of Oheeddareos {rC+ Int+6}
 47295 | Trove    | Identified the amulet "Reale" {Reflect -Tele rElec rCorr
                  | Int+3 SH+5}
 47299 | Trove    | Identified the ring of Lust {rF+ rN+ rCorr Str-2 Int+4}
 47310 | Trove    | Identified the +2 scale mail "Damnable Contraption" {Int+3}
 47311 | Trove    | Identified the +0 robe of Ru's Favour {rCorr Int-3
                  | Archmagi}
 48280 | Elf:3    | Entered Level 3 of the Elven Halls
 48290 | Elf:3    | Found a transporter.
 48337 | Elf:3    | Upgraded the game from 0.32-a0-699-g1ee5eff69a to
                  | 0.32-a0-705-g60f233581c
 48395 | Elf:3    | Found a transporter.
 48400 | Elf:3    | Found a transporter.
 48410 | Elf:3    | Found a transporter.
 48485 | Elf:3    | Found Fososug's General Store.
 48616 | Elf:3    | Found a transporter.
 48622 | Elf:3    | Found a transporter.
 48866 | Elf:3    | Reached skill level 12 in Invocations
 48872 | Elf:3    | Reached XP level 24. HP: 68/171 MP: 32/32
 49362 | Elf:3    | Reached skill level 24 in Shields
 49704 | Elf:3    | Identified the staff of the Jester {^Fragile rN+ Str+6 Conj
                  | Necro}
 49770 | Elf:3    | Got the Omnibus of the Bloodied Birds
 49802 | Elf:3    | Identified the ring "Osionnom" {+Blink rElec MP+9 Int+3}
 49920 | Elf:3    | Identified the +1 plate armour of the Dropbear {rPois
                  | Str+2}
 50053 | Elf:3    | Bought a potion of curing for 48 gold pieces
 50053 | Elf:3    | Bought a wand of quicksilver (4) for 268 gold pieces
 50237 | Slime:1  | Entered Level 1 of the Pits of Slime
 50359 | Slime:4  | Gained mutation: Your magical capacity is low. (-10% MP) [a
                  | shining eye]
 50374 | Slime:4  | Gained mutation: Your magical capacity is very low. (-20%
                  | MP) [a shining eye]
 50424 | Slime:5  | Entered Level 5 of the Pits of Slime
 50584 | Slime:5  | Gained mutation: Your magical capacity is extremely low.
                  | (-30% MP) [a shining eye]
 50605 | Slime:5  | Gained mutation: Your spells are a little easier to cast,
                  | but a little less powerful. [a shining eye]
 50607 | Slime:5  | Reached skill level 15 in Invocations
 50787 | Slime:5  | Found the +5 demon whip "Spellbinder" {antimagic, disrupt,
                  | Will+}
 50838 | Slime:5  | Found a viscous altar of Jiyva.
 50856 | Slime:5  | Noticed the Royal Jelly
 50871 | Slime:5  | Killed the Royal Jelly
 50925 | Slime:5  | Got a slimy rune of Zot
 50940 | Slime:5  | Identified the +3 great mace of Hecaleo {flame, MP+9 Str+2}
 50965 | Slime:5  | Got the Lessons on Forceful Corpses
 50977 | Slime:5  | Identified the +5 bardiche of Fee Simple {elec, +Blink
                  | rPois rC+ rN+}
 50987 | Slime:5  | Identified the ring "Okioqyan" {rN+ SInv}
 51039 | Slime:5  | Identified the +6 mace "Royxt" {heavy, MP-9 Dex+6}
 51040 | Slime:5  | Identified the +1 hand axe of Indignation {drain, Int+6
                  | SInv}
 51368 | D:15     | Acquired a manual of Armour
 51370 | D:15     | Acquired the +0 tower shield of Boredom {rF+ Int+3}
 51384 | D:15     | Acquired 690 gold pieces
 51388 | Depths:1 | Entered Level 1 of the Depths
 51678 | Depths:1 | Found a one-way gate to the infinite horrors of the Abyss.
 51683 | Depths:1 | Noticed Nikola
 51697 | Depths:1 | Killed Nikola
 51743 | Depths:1 | Found a shadowy altar of Dithmenos.
 51922 | Depths:1 | Reached XP level 25. HP: 174/181 MP: 24/24
 51954 | Depths:1 | Found a one-way gateway to a ziggurat.
 52282 | Depths:2 | Found a one-way gate leading to the halls of Pandemonium.
 52330 | Depths:2 | Found Itwotwo's General Store.
 52339 | Depths:2 | Bought a potion of heal wounds for 95 gold pieces
 52485 | Depths:2 | Found a hide-covered altar of Uskayaw.
 52772 | Depths:2 | Noticed a caustic shrike
 52775 | Depths:2 | Noticed a caustic shrike
 52776 | Depths:2 | Noticed a caustic shrike
 52785 | Depths:2 | Killed a caustic shrike
 52785 | Depths:2 | Killed a caustic shrike
 52785 | Depths:2 | Killed a caustic shrike
 52786 | Depths:2 | Reached skill level 18 in Fighting
 52786 | Depths:2 | Reached skill level 18 in Invocations
 53291 | Depths:2 | Noticed a caustic shrike
 53303 | Depths:2 | Noticed a caustic shrike
 53315 | Depths:2 | Killed a caustic shrike
 53564 | Depths:2 | Identified the +2 short sword of Brawling {drain, rN+
                  | Stlth+}
 53673 | Depths:2 | Killed a caustic shrike
 53674 | Depths:2 | Reached skill level 9 in Armour
 54537 | Depths:3 | Reached XP level 26. HP: 191/191 MP: 25/25
 55104 | Depths:3 | Identified the ring "Nuysu" {rPois rF- Str-3 Int+2 Dex+5}
 55108 | Depths:3 | Identified the amulet "Plog" {Acrobat Rampage rElec}
 55110 | Depths:3 | Identified the +0 robe "Gelo" {Will+ Str-5 Dex+7}
 55372 | Depths:2 | Reached skill level 12 in Armour
 55624 | Depths:4 | Entered Level 4 of the Depths
 55922 | Depths:4 | Noticed the Enchantress
 55941 | Depths:3 | Killed the Enchantress
 57384 | Depths:4 | Found an ancient bone altar of Kikubaaqudgha.
 58014 | Depths:4 | Found a gate to the Realm of Zot.
 58054 | Zot:1    | Entered Level 1 of the Realm of Zot
 58821 | Zot:1    | Reached skill level 25 in Shields
 59072 | Zot:4    | Reached XP level 27. HP: 201/201 MP: 25/25
 59202 | Zot:5    | Entered Level 5 of the Realm of Zot
 59650 | Zot:5    | Found a runed translucent gate.
 59651 | Zot:5    | Found a runed translucent gate.
 59651 | Zot:5    | Found a runed translucent gate.
 59651 | Zot:5    | Found an opulent altar of Gozag.
 59655 | Zot:5    | Found Ewatzupu's Assorted Antiques.
 59655 | Zot:5    | Found Adghaw's Assorted Antiques.
 59655 | Zot:5    | Noticed Obluekk's ghost (veteran MiBe)
 59704 | Zot:5    | Found a radiant altar of Vehumet.
 60935 | Zot:4    | Reached skill level 21 in Dodging
 61164 | Zot:5    | Noticed a dread lich
 61167 | Zot:5    | Killed a dread lich
 61285 | Zot:5    | Noticed an orb of fire
 61286 | Zot:5    | Noticed a Killer Klown
 61296 | Zot:5    | Killed a Killer Klown
 61297 | Zot:5    | Reached skill level 15 in Armour
 61300 | Zot:5    | Gained mutation: You are clumsy. (Dex -2) [an orb of fire]
 61303 | Zot:5    | Killed an orb of fire
 61322 | Zot:5    | Noticed a Killer Klown
 61332 | Zot:5    | Killed a Killer Klown
 61427 | Zot:5    | Noticed a Killer Klown
 61433 | Zot:5    | Killed a Killer Klown
 61437 | Zot:5    | Noticed an orb of fire
 61440 | Zot:5    | Killed an orb of fire
 61441 | Zot:5    | Reached skill level 21 in Fighting
 61500 | Zot:5    | Noticed a Killer Klown
 61506 | Zot:5    | Killed a Killer Klown
 61534 | Zot:5    | Noticed a Killer Klown
 61535 | Zot:5    | Noticed an orb of fire
 61536 | Zot:5    | Noticed an orb of fire
 61537 | Zot:5    | Gained mutation: Armour fits poorly on your strangely
                  | shaped body. [an orb of fire]
 61537 | Zot:5    | Noticed an orb of fire
 61537 | Zot:5    | Noticed an orb of fire
 61552 | Zot:5    | Killed an orb of fire
 61556 | Zot:5    | Killed an orb of fire
 61557 | Zot:5    | Noticed a Killer Klown
 61564 | Zot:5    | Killed an orb of fire
 61567 | Zot:5    | Killed an orb of fire
 61571 | Zot:5    | Killed a Killer Klown
 61571 | Zot:5    | Noticed a Killer Klown
 61573 | Zot:5    | Noticed a dread lich
 61574 | Zot:5    | Killed a dread lich
 61575 | Zot:5    | Reached skill level 26 in Shields
 61576 | Zot:5    | Killed a Killer Klown
 61646 | Zot:5    | Noticed a Killer Klown
 61650 | Zot:5    | Killed a Killer Klown
 61656 | Zot:5    | Killed a Killer Klown
 61896 | Zot:5    | Noticed a Killer Klown
 61990 | Zot:5    | Noticed an orb of fire
 61997 | Zot:5    | Killed an orb of fire
 62101 | Zot:5    | Killed a Killer Klown
 62698 | Zot:5    | Got the Orb of Zot
 63106 | D:12     | Reached skill level 27 in Shields
 63254 | D:5      | Noticed Tuingasi the pandemonium lord
 63310 | D:4      | Noticed Toolah the pandemonium lord
 63406 | D:$      | Escaped with the Orb!

Illustrated notes

Levels and vault maps discovered:
D:1:      minmay_arrival_arboretum_small, layout_loops_ring
D:2:      minmay_roachtagon, layout_basic, shapermc_ecumenical_altar_venn,
          nicolae_shop_vocational
D:3:      layout_basic, serial_shops, shop, chequers_jeans, item_on_display_a
D:4:      layout_basic, minivault_4, minmay_mini_ossuary
D:5:      layout_basic, temple_doors_e, portal_sewer_entry_d
D:6:      nicolae_cairo_tiling_very_big, layout_loops_cross, okawaru_gym_becter,
          gup_ossuary_entry_pyramid
D:7:      layout_basic, nemelex_diamond_rough_becter,
          nicolae_have_a_lightning_rod
D:8:      layout_loops_ring
D:9:      layout_basic, david_lair_generic, erik_orc_4, minivault_16,
          centaur_isle, uniq_psyche, uniq_erolcha
D:10:     layout_gridville, evilmike_ruin_ashenzari,
          nicolae_overflow_hidden_temple, minmay_radiant
D:11:     layout_rooms, uniq_grum
D:12:     layout_basic, serial_shops, shop, nicolae_shop_statue_plus
D:13:     layout_roguey, special_room [special_room_orc], uniq_lodul,
          uniq_josephine, uniq_frances
D:14:     layout_basic, grunt_vaults_entry_fortified, serial_shops, shop,
          elyvilon_altar_3, glass_columns_b,
          minmay_guarded_unrand_staff_of_olgreb
D:15:     hellmonk_depths_entry_around_the_bend, layout_cave_pools,
          dk_noncrumbling_4, bloody_trog, uniq_jorgrun
Temple:   hc_temple_tempest_star
Lair:1:   layout_regular_city, portal_ice_cave_demonic_guard, uniq_maggie,
          uniq_amaemon, uniq_fannar
Lair:2:   layout_loops_ring, spider_nest_entry_web_field
Lair:3:   layout_layer_cave, nicolae_swamp_entry_splash_gauntlet,
          grunt_megastairs_4, serial_bayou_shore_a
Lair:4:   layout_layer_cave, chequers_serial_rivers_micro_b, uniq_sonja
Lair:5:   evil_forest, layout_loops_ring, minmay_slime_entry_jelly_boxes,
          lemuel_old_faithful, serial_bayou_shore_b, infiniplex_staircase_pool
Swamp:1:  layout_basic_swamp, evilmike_swamp_ruin_wall, swamp_pool_1_2
Swamp:2:  layout_falls_marsh, nicolae_swamp_some_circles, uniq_roxanne,
          uniq_donald
Swamp:3:  layout_basic_swamp, serial_swamp_ruin, evilmike_swamp_ruin_rubble_2,
          hangedman_swamp_ruin_wall, evilmike_swamp_ruin_rubble_1,
          swamp_pool_1_2, nicolae_swamp_trees_clearing
Swamp:4:  swamp_alternative, layout_basic_swamp, uniq_mlioglotl, uniq_bai_suzhen
Spider:1: layout_spider_delve
Spider:2: layout_spider_delve
Spider:3: layout_spider_delve, ebering_ghost_inner_flame, hellmonk_test_site
Spider:4: grunt_spider_rune_island, nicolae_spider_jagged_tunnels
Slime:1:  layout_caves
Slime:2:  layout_caves, special_room [special_room_jelly]
Slime:3:  layout_caves
Slime:4:  layout_caves, nicolae_slime_getting_an_eyeful
Slime:5:  slime_pit_nicolae_amoeboid
Orc:1:    layout_caves, nicolae_orc_lost_temple, uniq_harold, uniq_erica
Orc:2:    st_orc_town, layout_caves, ebering_ghost_xom, blackcustard_rock_pile
Elf:1:    nicolae_elf_arrival_dilemma, layout_gridlike, special_room
          [special_room_orc], minmay_elf_demonology, evilmike_ambush
          [evilmike_ambush_outer_pillars, evilmike_ambush_inner_basic]
Elf:2:    nicolae_elf_blades_splatter_lattice [grunt_blade_entry_basic],
          layout_rooms, enter_trove_5, hangedman_aerie_drop
Elf:3:    minmay_elf_hall_four_x, layout_gridlike, serial_shops,
          nicolae_square_shop, serial_sigils_hangedman_gnaw, grunt_ministairs_8,
          serial_nicolae_subway, nicolae_sub_station_crystal,
          nicolae_sub_station_stone, nicolae_sub_station_metal
Vaults:1: nicolae_vaults_storage_closets_3, v_alt_pattern_3,
          nicolae_vaults_tetromino_T_1, grunt_vaults_bifocal,
          nicolae_vaults_storage_room_doors, nicolae_vaults_little_squares_3,
          grunt_vaults_twisty, vaults_dpeg_hooks, vaults_standard_mumra_x,
          nicolae_vaults_trapezoid_layered, ontoclasm_vaults_pinch,
          vaults_room_fancy_cross, nicolae_vaults_trapezoid_lopsided_1,
          v_pattern_5, nicolae_vaults_variable_pillar_hall,
          nicolae_vaults_network_quincunx
          [nicolae_vaults_network_quincunx_subvault,
          nicolae_vaults_network_quincunx_subvault,
          nicolae_vaults_network_quincunx_subvault,
          nicolae_vaults_network_quincunx_subvault,
          nicolae_vaults_network_quincunx_subvault], layout_vaults_omnibox
Vaults:2: portal_desolation_entry_nicolae_nacl, nicolae_vaults_tetromino_T_2,
          nicolae_vaults_variable_pillar_hall, nicolae_vaults_little_squares_5,
          v_alt_pattern_5, v_misc_27, nicolae_vaults_swerve,
          nicolae_vaults_door_testing_chamber, v_misc_11, v_pattern_4,
          nicolae_vaults_little_squares_4, vaults_mumra_hexcomb,
          nicolae_vaults_trapezoid_lopsided_2, layout_vaults_ring, serial_shops,
          bzr_entry_islet, uniq_margery
Vaults:3: nicolae_vaults_double_plus_2, kb_rosetta, vaults_dpeg_emergency_exit,
          minmay_crypt_entry_nasty_monster, nicolae_vaults_closet_pinwheel_5,
          grunt_vaults_diagonal, nicolae_vaults_apartment_2,
          ontoclasm_vaults_misaligned, ontoclasm_vaults_hangar, v_misc_4,
          nicolae_vaults_six-pack, layout_vaults_big_room, serial_shops, shop
Vaults:4: nicolae_vaults_thirteen_compartments, dpeg_vaults_monster_row,
          v_misc_31, nicolae_vaults_alarming, nicolae_vaults_storage_closets_2,
          v_misc_22, v_misc_13, nicolae_vaults_ring_of_whatevers,
          vaults_standard_mumra_enter_the_diamond, nicolae_vaults_octothorpe,
          v_misc_12, nicolae_vaults_house_1, layout_vaults_maze_snakey,
          uniq_mara, uniq_frederick
Depths:1: layout_cave_pools, enter_ziggurat_f, serial_bayou_pond_e, abyss_entry,
          pf_hell_entry_tar_river, drop_trap, grunt_dithmenos_smoke, uniq_nikola
Depths:2: hangedman_grunt_twisty_little_passages, layout_basic,
          minmay_room_of_horrors, hell_entry, nicolae_uskayaw_en_pointe,
          serial_shops, nicolae_diamond_shop, grunt_pan_entry_in_and_out,
          uniq_grunn
Depths:3: dreamdust_tengu_aerie, layout_cave_pools, hell_entry, abyss_entry,
          kennysheep_cross_bottleneck
Depths:4: evilmike_zot_entry_diamond, layout_basic,
          nicolae_kikubaaqudgha_miasma_corner, grunt_hell_entry_dis_old,
          serial_curves, eino_curves_01, eino_curves_01, eino_curves_01,
          eino_curves_01, minmay_misc_feat_alley, uniq_enchantress
Hell
Zot:1:    layout_gridlike, ebering_ghost_disaster_area
Zot:2:    gammafunk_mikee_crab_dinner, layout_twisted_circle,
          regret_index_zotdec_twisting_globes
Zot:3:    layout_gridlike, st_small_dragon_hoard_1, hangedman_elemental_corridor
Zot:4:    layout_basic, regret_index_zotdec_carving_tricks
Zot:5:    layout_concentric_octagons, ebering_ghost_gozag, basic_altar,
          regret_index_zotdec_onion_hex

Skill      XL: |  1  2  3  4  5  6  7  8  9 10 11 12 13 14 15 16 17 18 19 20 21 22 23 24 25 26 27 |
---------------+----------------------------------------------------------------------------------+-----
Dodging        | 2 3 4 5 6 7 8 9 11 12 13 14 15 16 17 18 19 20 22 | 22.3
Fighting       | 3 4 5 6 9 11 12 13 15 17 18 19 21 | 21.5
Ranged Weapons | 5 6 7 8 10 12 13 15 16 17 18 19 20 | 20.0
Shields        | 3 6 8 9 12 15 18 21 23 24 25 27 | 27.0
Invocations    | 4 5 6 9 12 16 19 | 19.0
Armour         | 4 6 10 12 15 | 15.0
Evocations     | 7 12 15 | 15.0
Translocations | 5 10 | 10.0
Hexes          | 4 10 | 10.0
Spellcasting   | 5 |  5.0
Stealth        | |  1.2

Action                     |  1- 3 |  4- 6 |  7- 9 | 10-12 | 13-15 | 16-18 | 19-21 | 22-24 | 25-27 || total
---------------------------+-------+-------+-------+-------+-------+-------+-------+-------+-------++-------
   Fire: Shortbow          |   103 |   156 |   429 |    86 |       |       |       |       |       ||   774
         Orcbow            |       |       |       |   561 |   993 |   936 |    15 |       |       ||  2505
         Arbalest          |       |       |       |       |    77 |   247 |       |       |       ||   324
         Longbow           |       |       |       |       |       |       |  1292 |  1540 |  1318 ||  4150
  Throw: Dart              |       |     1 |     4 |       |     2 |       |     1 |     3 |       ||    11
   Cast: Dimensional Bulls |       |       |       |       |       |       |       |    35 |    19 ||    54
         Passage of Golubr |       |       |       |       |       |       |       |     9 |     2 ||    11
 Invoke: Recall Ancestor   |       |       |       |    10 |     5 |     5 |       |     6 |    13 ||    39
         Ancestor Life: Kn |       |       |       |     1 |       |       |       |       |       ||     1
         Idealise          |       |       |       |       |       |     5 |       |     8 |    14 ||    27
         Transference      |       |       |       |       |       |     2 |     1 |     3 |     6 ||    12
Ability: Dig               |       |     1 |     1 |     2 |       |       |       |     4 |     5 ||    13
  Evoke: Wand              |       |       |     2 |     5 |     4 |     5 |     4 |     5 |    12 ||    37
         Tin of tremorston |       |       |       |       |       |       |     1 |     2 |     1 ||     4
         Lightning rod     |       |       |       |       |       |       |       |     2 |       ||     2
         Box of beasts     |       |       |       |       |       |       |       |     1 |     1 ||     2
         Phantom mirror    |       |       |       |       |       |       |       |     1 |       ||     1
    Use: Scroll            |       |     6 |     4 |     3 |    12 |     2 |     4 |     8 |    17 ||    56
         Potion            |       |       |       |     4 |       |       |       |     3 |     2 ||     9
 Armour: Leather armour    |    29 |    23 |       |       |    26 |    77 |    26 |    43 |    65 ||   289
         Robe              |       |    19 |    67 |    30 |     6 |       |    22 |   149 |       ||   293
         Skin              |       |       |       |    17 |       |       |       |       |       ||    17
         Acid dragon scale |       |       |       |       |       |       |       |       |   122 ||   122
  Dodge: Dodged            |    30 |    61 |   104 |    72 |    84 |   296 |   104 |   334 |   231 ||  1316
  Block: Buckler           |       |       |    15 |    96 |    91 |   219 |     4 |       |       ||   425
         Reflection        |       |       |     4 |    13 |    12 |    22 |    48 |    21 |    14 ||   134
         Kite shield       |       |       |       |       |       |       |    89 |       |       ||    89
         Tower shield      |       |       |       |       |       |       |   161 |   848 |   640 ||  1649

Table legend: (Time is in decaauts)
 A = Elapsed time spent in this place.
 B = Non-inter-level travel time spent in this place.
 C = Inter-level travel time spent in this place.
 D = Time resting spent in this place.
 E = Time spent auto-exploring this place.
 F = Levels seen in this place.
 G = Mean time per level.
                   A        B        C        D        E       F      G
               +--------+--------+--------+--------+--------+-----+--------+
         Total |  62389 |  51960 |  10429 |   8768 |  28305 |  60 | 1039.8 |
       Dungeon |  17581 |  12859 |   4722 |   1048 |   8667 |  15 | 1172.1 |
        Temple |     32 |      1 |     31 |      0 |      0 |   1 |   32.0 |
          Lair |   8098 |   6777 |   1321 |   1249 |   4373 |   5 | 1619.6 |
         Swamp |   3152 |   2740 |    412 |    239 |   1757 |   4 |  788.0 |
   Spider Nest |   4964 |   4182 |    782 |    528 |   2720 |   4 | 1241.0 |
    Slime Pits |    848 |    732 |    116 |     70 |     29 |   5 |  169.6 |
  Orcish Mines |   2103 |   1921 |    182 |    138 |   1099 |   2 | 1051.5 |
   Elven Halls |   4367 |   3703 |    664 |    680 |   1731 |   3 | 1455.7 |
        Vaults |   6484 |   5548 |    936 |    630 |   3313 |   4 | 1621.0 |
        Depths |   6874 |   6000 |    874 |   1676 |   2669 |   4 | 1718.5 |
          Hell |    163 |    163 |      0 |      0 |      0 |   1 |  163.0 |
           Zot |   4174 |   3789 |    385 |   1978 |    697 |   5 |  834.8 |
         Abyss |    274 |    274 |      0 |    136 |      0 |   1 |  274.0 |
        Bazaar |     92 |     92 |      0 |      0 |     44 |   1 |   92.0 |
         Trove |     58 |     58 |      0 |      0 |     13 |   1 |   58.0 |
         Sewer |    703 |    703 |      0 |     63 |    425 |   1 |  703.0 |
       Ossuary |    480 |    480 |      0 |    149 |    104 |   1 |  480.0 |
      Ice Cave |    452 |    452 |      0 |     35 |    188 |   1 |  452.0 |
    Desolation |   1481 |   1481 |      0 |    147 |    476 |   1 | 1481.0 |
               +--------+--------+--------+--------+--------+-----+--------+

Top non-repeatable levels by time:
   Zot:5: 3237 daAuts
  Lair:5: 2729 daAuts
Depths:2: 2608 daAuts
     D:9: 2474 daAuts
Depths:3: 2125 daAuts
Spider:3: 2108 daAuts
Vaults:2: 1833 daAuts
     D:4: 1778 daAuts
    D:10: 1761 daAuts
   Elf:3: 1708 daAuts
Vaults:3: 1687 daAuts
  Lair:3: 1556 daAuts
Vaults:4: 1549 daAuts
  Lair:4: 1508 daAuts
Desolation: 1481 daAuts
